 Dungeon Crawl Stone Soup version 0.29-a0-559-g359e09b9d1 (webtiles) character file.

Game seed: 3353942072929691625

31697 Lekart the Carver (level 13, -17/107 HPs)
             Began as a Grey Draconian Abyssal Knight on June 10, 2022.
             Was a High Priest of Lugonu.
             Demolished by an entropy weaver simulacrum (31 damage)
             ... in an ice cave.
             The game lasted 00:26:58 (17957 turns).

Lekart the Carver (Grey Draconian Abyssal Knight)  Turns: 17957, Time: 00:26:59

Health: -17/107    AC: 19    Str: 18    XL:     13   Next: 27%
Magic:  30/30      EV: 18    Int: 13    God:    Lugonu [*****.]
Gold:   515        SH: 10    Dex: 14    Spells: 10/12 levels left

rFire   x . .      SeeInvis .   u - +9 double sword of the Fulmar {drain, rElec rCorr Int-4 Stlth+}
rCold   . . .      Faith    .   h - +0 kite shield
rNeg    . . .      Spirit   .   (body armour unavailable)
rPois   +          Reflect  .   (helmet restricted)
rElec   +          Harm     .   g - +0 cloak
rCorr   +          Rampage  .   x - +1 pair of gloves
Will    ++...                   y - +2 pair of boots "Tegoofez" {Int+5}
Stlth   ++........              (no amulet)
HPRegen 0.27/turn               n - ring of the Catfish {rElec rPois rF- Will+ Str+3 Slay+6}
MPRegen 0.22/turn               D - ring "Tuottymiwn" {MP+9 EV+4}

@: slowed, very slow
A: AC +13, amphibious, unfitting armour, cold-blooded, clumsy 1, frail 1,
strong-willed 1, wild magic 1
a: Renounce Religion, Depart the Abyss, Bend Space, Banish, Corrupt, Enter the
Abyss


You were in an ice cave.
You worshipped Lugonu.
Lugonu was extremely pleased with you.
You visited 2 branches of the dungeon, and saw 16 of its levels.
You visited the Abyss 1 time.
You also visited: Bailey and Ice Cave.

You collected 1147 gold pieces.
You spent 632 gold pieces at shops.

Inventory:

Hand Weapons
 a - a +2 falchion of venom
 u - the +9 double sword of the Fulmar (weapon) {drain, rElec rCorr Int-4 Stlth+}
   (You acquired it in a bailey)

   A truly terrible weapon, it drains the life of any living foe it strikes.
   Int:       It affects your intelligence (-4).
   rElec:     It insulates you from electricity.
   rCorr:     It protects you from acid and corrosion.
   Stlth:     It makes you more stealthy.
 E - a +4 scimitar of flaming
Missiles
 G - 5 throwing nets
Armour
 g - a +0 cloak (worn)
 h - a +0 kite shield (worn)
 t - a +0 hat of willpower
 x - a +1 pair of gloves (worn)
 y - the +2 pair of boots "Tegoofez" (worn) {Int+5}
   (You acquired it in a bailey)

   Int:       It affects your intelligence (+5).
 C - the +2 hat of the Evening Star {Str-4 Slay+5}
   (You acquired it on level 9 of the Dungeon)

   Str:       It affects your strength (-4).
   Slay:      It affects your accuracy & damage with ranged weapons and melee
   (+5).
Jewellery
 b - a ring of ice
 n - the ring of the Catfish (left hand) {rElec rPois rF- Will+ Str+3 Slay+6}
   (You bought it in a shop on level 6 of the Dungeon)

   [ring of poison resistance]

   Str:       It affects your strength (+3).
   Slay:      It affects your accuracy & damage with ranged weapons and melee
   (+6).
   rF:        It makes you vulnerable to fire.
   rElec:     It insulates you from electricity.
   rPois:     It protects you from poison.
   Will:      It increases your willpower.
 z - a ring of flight
 B - a ring of ice
 D - the ring "Tuottymiwn" (right hand) {MP+9 EV+4}
   (You found it on level 3 of the Lair of Beasts)

   [ring of evasion]

   EV:        It affects your evasion (+4).
   MP:        It affects your magic capacity (+9).
 I - a ring of ice
Wands
 l - a wand of iceblast (5)
 q - a wand of flame (6)
 F - a wand of paralysis (5)
Scrolls
 e - 8 scrolls of teleportation
 j - 8 scrolls of identify
 m - 3 scrolls of fear
 s - 2 scrolls of fog
 w - a scroll of blinking
 H - a scroll of enchant weapon
 J - 2 scrolls of magic mapping
Potions
 c - a potion of berserk rage
 d - a potion of ambrosia
 f - 2 potions of magic
 i - 2 potions of brilliance
 k - 3 potions of flight
 o - 6 potions of heal wounds
 p - 4 potions of lignification
 r - 3 potions of curing
 v - 3 potions of might
 A - 3 potions of haste


   Skills:
 * Level 12.8 Fighting
 + Level 13.1 Long Blades
 + Level 7.7 Dodging
 + Level 7.9 Shields
 * Level 2.2 Transmutations
 * Level 11.2 Invocations
 + Level 0.9 Evocations


You had 10 spell levels left.
You knew the following spells:

 Your Spells              Type           Power      Damage    Failure   Level
a - Wereblood             Tmut           7%         N/A       52%         2

Your spell library contained the following spells:

 Spells                   Type           Power      Damage    Failure   Level
 Beastly Appendage        Tmut           14%        N/A       38%         1
 Foxfire                  Conj/Fire      0%         2x1d4     67%         1
 Magic Dart               Conj           0%         1d3       67%         1
 Searing Ray              Conj           0%         2d4       82%         2
 Sublimation of Blood     Necr           0%         N/A       82%         2
 Spider Form              Tmut/Pois      3%         N/A       87%         3
 Mephitic Cloud           Conj/Pois/Air  0%         N/A       95%         3
 Petrify                  Tmut/Erth      3%         N/A       99%         4
 Fulminant Prism          Conj/Hex       0%         3d6       100%        4
 Olgreb's Toxic Radiance  Pois           0%         N/A       100%        4
 Irradiate                Conj/Tmut      1%         3d13      100%        5
 Metabolic Englaciation   Hex/Ice        0%         N/A       100%        5
 Statue Form              Tmut/Erth      2%         N/A       100%        6
 Ozocubu's Refrigeration  Ice            0%         4d5       100%        7
 Ignition                 Fire           0%         3d3       100%        8
 Fire Storm               Conj/Fire      0%         5d1       100%        9
 Animate Armour           Summ/Erth      Unusable   N/A       N/A         4

Dungeon Overview and Level Annotations

Branches:
Dungeon (12/15)            Temple (0/1) D:4            Lair (4/6) D:9
 Shoals (0/4) Lair:2        Snake (0/4) Lair:4          Orc (0/2) D:9
 Bailey (visited)           IceCv (1/1)

Altars:
Cheibriados
Kikubaaqudgha
Nemelex Xobeh
Sif Muna
Xom
Zin

Shops:
D:2 (   D:4 (![   D:6 =*[*?   D:12 !

Annotations:
D:7 exclusion: downstairs
Abyss:1 Grinder


Innate Abilities, Weirdness & Mutations

Your dull iron-grey scales are very hard. (AC +13)
You are amphibious.
You cannot fit into any form of body armour.
You are cold-blooded and may be slowed by cold attacks.
You are clumsy. (Dex -2)
You are frail. (-10% HP)
You are strong-willed. (Will+)
Your spells are a little harder to cast, but a little more powerful.


Message History

Lugonu accepts your kill.
The entropy weaver simulacrum misses you.
The entropy weaver simulacrum barely misses you.
The entropy weaver simulacrum hits you but does no damage. x2
You slice the entropy weaver simulacrum!!
The entropy weaver simulacrum is almost destroyed.
The entropy weaver simulacrum hits you but does no damage.
You block the entropy weaver simulacrum's attack.
The entropy weaver simulacrum hits you but does no damage.
The entropy weaver simulacrum hits you!
The entropy weaver simulacrum freezes you!!
You feel yourself slow down.
The entropy weaver simulacrum misses you.
The entropy weaver simulacrum hits you.
The entropy weaver simulacrum freezes you!!!
The entropy weaver simulacrum hits you but does no damage.
The entropy weaver simulacrum barely misses you.
You are too injured to fight recklessly!
You are too injured to fight recklessly!
You are too injured to fight recklessly!
You barely miss the entropy weaver simulacrum.
The entropy weaver simulacrum is almost destroyed.
The entropy weaver simulacrum completely misses you.
The entropy weaver simulacrum hits you but does no damage.
The entropy weaver simulacrum barely misses you.
The entropy weaver simulacrum hits you.
The entropy weaver simulacrum freezes you!!
You feel as though you will be slow longer.
* * * LOW HITPOINT WARNING * * *
You block the entropy weaver simulacrum's attack. x2
The entropy weaver simulacrum misses you.
The entropy weaver simulacrum completely misses you.
You block the entropy weaver simulacrum's attack.
The entropy weaver simulacrum barely misses you.
The entropy weaver simulacrum hits you but does no damage. x2
The entropy weaver simulacrum hits you.
* * * LOW HITPOINT WARNING * * *
The entropy weaver simulacrum freezes you!!
You feel as though you will be slow longer.
You die...

####
#...##
##.....#
#......#
#......
##....
#Z.Z#
##°@#
#..##
##..#
#..## #..#
##..#
#..## ###
#..#
##.####.##


You could see 2 entropy weaver simulacra.

Vanquished Creatures
  Fannar (Lair:1)
  Harold (Lair:1)
  A hydra (Lair:2)
  A centaur warrior (D:12)
  Erica (D:10)
  2 two-headed ogres
  3 death yaks (D:9)
  Urug (Lair:1)
  Pikel (D:8)
  A cyclops (D:12)
  2 manticores (D:12)
  A black mamba (Lair:2)
  Joseph (Lair:1)
  3 gargoyles
  A kobold demonologist (D:9)
  4 rime drakes
  8 cane toads
  6 komodo dragons
  An entropy weaver simulacrum (IceCv)
  2 polar bears (Lair:2)
  2 trolls
  A hornet (D:11)
  4 blink frogs (Lair:1)
  7 dream sheep (Lair:2)
  3 shadows
  15 yaks
  4 wraiths
  2 death yak simulacra (Lair:4)
  A steam dragon (D:6)
  4 acid dragons
  11 water moccasins
  A black bear (D:6)
  9 orc warriors (Bailey)
  2 ugly thing simulacra (IceCv)
  2 ice beasts
  4 ogres (D:5)
  4 wolves
  6 centaurs
  2 phantoms
  2 lemures (D:8)
  4 kobold brigands
  9 bullfrogs
  A necrophage (D:4)
  2 gnoll sergeants
  3 scorpions
  2 cane toad simulacra (Lair:4)
  A glowing shapeshifter simulacrum (IceCv)
  3 wights (D:8)
  An elephant simulacrum (Lair:4)
  23 killer bees
  6 electric eels (Bailey)
  4 howler monkeys
  A jelly (D:7)
  5 hounds
  6 orc priests
  2 gnoll shamans
  2 hell rats (D:9)
  6 iguanas
  An orc wizard (D:8)
  A wolf simulacrum (Lair:4)
  6 ogre zombies (D:9)
  22 gnolls
  9 adders
  2 shadow imps
  2 white imps
  An ufetubus (D:6)
  3 worms
  3 dart slugs
  28 orcs
  6 ball pythons
  5 endoplasms
  2 giant cockroaches
  15 goblins
  9 hobgoblins
  18 kobolds
  4 quokkas
  2 bats
  4 frilled lizards
  A goblin skeleton (D:9)
  4 goblin zombies (D:9)
  A hobgoblin skeleton (D:9)
  2 hobgoblin zombies (D:9)
  10 orc zombies (D:9)
  9 rats
379 creatures vanquished.

Vanquished Creatures (others)
  2 kobold demonologists (Bailey)
  A hobgoblin (Bailey)
  7 fungi (Lair:3)
  7 plants
17 creatures vanquished.

Grand Total: 396 creatures vanquished

Notes
Turn   | Place    | Note
-------+----------+-------------------------------------------
     0 | Abyss:1  | Lekart the Draconian Abyssal Knight began the quest for the
                  | Orb.
     0 | Abyss:1  | Reached XP level 1. HP: 19/19 MP: 2/2
    11 | D:1      | Escaped the Abyss
   205 | D:1      | Found a faded altar of an unknown god.
   232 | D:1      | Reached XP level 2. HP: 21/27 MP: 3/3
  1188 | D:2      | Reached XP level 3. HP: 19/33 MP: 4/4
  1384 | D:2      | Reached *** piety under Lugonu
  1537 | D:2      | Found Cedynoh's Antique Weapon Shop.
  1660 | D:2      | Reached XP level 4. HP: 37/41 MP: 5/5
  1929 | D:2      | Gained mutation: You are resistant to electric shocks.
                  | (rElec) [potion of mutation]
  2012 | D:3      | Noticed Grinder
  2239 | D:4      | Noticed a scorpion
  2243 | D:4      | Banished a scorpion
  2244 | D:4      | Reached skill level 1 in Shields
  2244 | D:4      | Reached XP level 5. HP: 47/47 MP: 1/7
  2522 | D:4      | Found Cufap's Antique Armour Boutique.
  2524 | D:4      | Found Vootak's Distillery.
  2526 | D:4      | Found Tosugheg's Weapon Boutique.
  2535 | D:4      | Bought a potion of mutation for 112 gold pieces
  2550 | D:4      | Found a staircase to the Ecumenical Temple.
  2690 | D:3      | Reached skill level 3 in Long Blades
  2781 | D:3      | Banished Grinder
  2782 | D:3      | Reached skill level 5 in Fighting
  2782 | D:3      | Reached XP level 6. HP: 56/56 MP: 3/8
  3423 | D:3      | Identified the +2 robe of Classification {rN+ Dex+4}
  3728 | D:4      | Reached skill level 4 in Long Blades
  3982 | D:4      | Your scales start taking on a dull iron-grey colour.
  3982 | D:4      | Reached XP level 7. HP: 54/61 MP: 9/9
  4060 | D:4      | Found a snail-covered altar of Cheibriados.
  4395 | D:5      | Entered Level 5 of the Dungeon
  4719 | D:5      | Reached skill level 5 in Long Blades
  5201 | D:5      | Reached XP level 8. HP: 48/70 MP: 11/11
  5905 | D:6      | Found Nenilix's Assorted Antiques.
  5920 | D:6      | Reached skill level 6 in Long Blades
  6095 | D:6      | Bought a bound platinum ring for 95 gold pieces
  6095 | D:6      | Identified the ring of the Catfish {rElec rPois rF- Will+
                  | Str+3 Slay+6} (You bought it in a shop on level 6 of the
                  | Dungeon)
  6111 | D:6      | Found an ancient bone altar of Kikubaaqudgha.
  6266 | D:6      | Reached skill level 5 in Invocations
  6308 | D:6      | Reached **** piety under Lugonu
  6433 | D:6      | Found Aplak's Antique Armour Boutique.
  6453 | D:6      | Found Voacufog's General Store.
  6460 | D:6      | Found Duhireh's Magic Scroll Emporium.
  6478 | D:6      | Bought a scroll of magic mapping for 38 gold pieces
  6478 | D:6      | Bought a scroll of teleportation for 33 gold pieces
  6478 | D:6      | Bought a potion of curing for 33 gold pieces
  6489 | D:6      | Noticed a two-headed ogre
  6505 | D:6      | Killed a two-headed ogre
  6506 | D:6      | Reached skill level 7 in Long Blades
  6506 | D:6      | Reached XP level 9. HP: 19/79 MP: 13/13
  6893 | D:6      | Found a sparkling altar of Nemelex Xobeh.
  6897 | D:6      | Found a glowing silver altar of Zin.
  6971 | D:6      | Found Muogici's Jewellery Shop.
  7107 | D:7      | Found a flagged portal.
  7112 | Bailey   | Entered a bailey
  7709 | Bailey   | Acquired the +9 double sword of the Fulmar {drain, rElec
                  | rCorr Int-4 Stlth+}
  7793 | Bailey   | Reached skill level 5 in Dodging
  8016 | Bailey   | Found an iron altar of Okawaru.
  8016 | Bailey   | Noticed a kobold demonologist
  8016 | Bailey   | Noticed a kobold demonologist
  8019 | Bailey   | Noticed a soul eater
  8021 | Bailey   | Reached skill level 8 in Long Blades
  8021 | Bailey   | Noticed an orange demon
  8023 | Bailey   | Corrupted Bailey
  8023 | Bailey   | Noticed a glowing orange brain
  8023 | Bailey   | Noticed an apocalypse crab
  8026 | Bailey   | Noticed a green death
  8027 | Bailey   | Noticed a starcursed mass
  8030 | Bailey   | Noticed a red devil
  8032 | Bailey   | Noticed a starcursed mass
  8036 | Bailey   | Noticed a starcursed mass
  8038 | Bailey   | Killed a kobold demonologist
  8043 | Bailey   | Killed a kobold demonologist
  8045 | Bailey   | Noticed a starcursed mass
  8308 | Bailey   | Identified the +1 chain mail of Milia {Rampage rN+ Int+2}
  8335 | Bailey   | Acquired the +2 pair of boots "Tegoofez" {Int+5}
  8627 | D:7      | Reached skill level 5 in Shields
  8627 | D:7      | Reached XP level 10. HP: 90/90 MP: 15/15
  8973 | D:4      | Bought a glowing hat for 161 gold pieces
  9041 | D:8      | Noticed a gargoyle
  9129 | D:8      | Killed a gargoyle
  9503 | D:8      | Noticed Pikel
  9512 | D:8      | Killed Pikel
  9513 | D:8      | Reached skill level 9 in Long Blades
 10203 | D:9      | Noticed a rust devil
 10276 | D:9      | Noticed a death yak
 10278 | D:9      | Found a staircase to the Lair.
 10278 | D:9      | Noticed a death yak
 10280 | D:9      | Noticed a death yak
 10283 | D:9      | Killed a death yak
 10285 | D:9      | Reached XP level 11. HP: 45/99 MP: 17/17
 10699 | D:9      | Killed a death yak
 10700 | D:9      | Reached skill level 10 in Long Blades
 10704 | D:9      | Killed a death yak
 10713 | D:9      | Acquired the +2 hat of the Evening Star {Str-4 Slay+5}
 10759 | D:9      | Reached ***** piety under Lugonu
 10765 | D:9      | Found a staircase to the Orcish Mines.
 10777 | D:9      | Reached skill level 10 in Fighting
 10831 | D:9      | You fall into a shaft and drop 3 floors!
 10854 | D:12     | Noticed a boulder beetle
 10864 | D:12     | Banished a boulder beetle
 11124 | D:12     | Found Baduam's Distillery.
 11129 | D:12     | Bought a potion of heal wounds for 80 gold pieces
 11129 | D:12     | Bought a potion of heal wounds for 80 gold pieces
 11249 | D:12     | Noticed a six-headed hydra
 11260 | D:12     | Banished a six-headed hydra
 11266 | D:12     | Noticed a centaur warrior
 11276 | D:12     | Killed a centaur warrior
 11277 | D:12     | Reached skill level 11 in Long Blades
 11590 | D:12     | Noticed a crystal guardian
 11729 | D:10     | Entered Level 10 of the Dungeon
 12288 | D:10     | Found a large runed translucent door.
 12288 | D:10     | Found a large runed translucent door.
 12564 | D:10     | Noticed Erica
 12579 | D:10     | Killed Erica
 12634 | D:10     | Noticed a two-headed ogre
 12641 | D:10     | Killed a two-headed ogre
 12966 | D:10     | Reached XP level 12. HP: 110/110 MP: 19/19
 13264 | D:10     | Found a shimmering altar of Xom.
 13267 | D:10     | Found a shimmering blue altar of Sif Muna.
 13300 | D:11     | Noticed a two-headed ogre
 13310 | D:11     | Banished a two-headed ogre
 13311 | D:11     | Reached skill level 10 in Invocations
 13975 | Lair:1   | Entered Level 1 of the Lair of Beasts
 13975 | Lair:1   | Noticed Harold
 13981 | Lair:1   | Killed Harold
 14043 | Lair:1   | Noticed Urug
 14055 | Lair:1   | Killed Urug
 14176 | Lair:1   | Noticed Joseph
 14182 | Lair:1   | Reached skill level 12 in Long Blades
 14182 | Lair:1   | Noticed Fannar
 14194 | Lair:1   | Killed Fannar
 14198 | Lair:1   | Killed Joseph
 15077 | Lair:2   | Lost mutation: You are resistant to electric shocks.
                  | (rElec) [potion of mutation]
 15077 | Lair:2   | Gained mutation: You expend magic power (3 MP) to
                  | strengthen your wands. [potion of mutation]
 15078 | Lair:2   | Lost mutation: You expend magic power (3 MP) to strengthen
                  | your wands. [potion of mutation]
 15078 | Lair:2   | Gained mutation: You are frail. (-10% HP) [potion of
                  | mutation]
 15078 | Lair:2   | Gained mutation: You are clumsy. (Dex -2) [potion of
                  | mutation]
 15078 | Lair:2   | Gained mutation: Your spells are a little harder to cast,
                  | but a little more powerful. [potion of mutation]
 15078 | Lair:2   | Gained mutation: You are strong-willed. (Will+) [potion of
                  | mutation]
 15284 | Lair:2   | Got Luumiph's Almanac of the Mountains and Attacks
 15755 | Lair:2   | Found a staircase to the Shoals.
 15964 | Lair:2   | Learned a level 2 spell: Wereblood
 16002 | Lair:3   | Noticed a six-headed hydra
 16229 | Lair:2   | Killed a four-headed hydra
 16343 | Lair:2   | Reached XP level 13. HP: 90/107 MP: 21/21
 16478 | Lair:3   | Reached skill level 1 in Transmutations
 17160 | Lair:3   | Reached skill level 13 in Long Blades
 17428 | Lair:3   | Identified the ring "Tuottymiwn" {MP+9 EV+4}
 17833 | Lair:4   | Found a frozen archway.
 17857 | IceCv    | Entered an ice cave
 17957 | IceCv    | Demolished by an entropy weaver simulacrum

Illustrated notes

Levels and vault maps discovered:
D:1:      dpeg_arrival_erosion, layout_basic,
          hellmonk_ecumenical_altar_lost_god, hangedman_decor_growths,
          roderic_roman_lattice
D:2:      layout_basic, serial_shops, shop
D:3:      layout_basic, uniq_grinder
D:4:      layout_gridville, cheibrodos_worm_habitat, temple_fountains,
          nicolae_wooded_promenade
D:5:      layout_loops_corners, st_stairs_12, kennysheep_generic_room_14
D:6:      layout_rooms, minitemple, serial_shops, nicolae_diamond_shop,
          nicolae_shop_crystal, kennysheep_mini_moat, shop,
          nicolae_shop_hallway_plus
D:7:      layout_rooms, enter_bailey_3, st_stairs_6
D:8:      layout_loops_ring, grunt_ministairs_12, uniq_pikel
D:9:      layout_long_grid, dpeg_lair_monsters, zombieorc1_lemuel,
          minmay_misc_feat_tiny, grunt_decor_junction
D:10:     layout_cave_pods, jmf_multi_god_temple2, uniq_erica
D:11:     layout_rooms
D:12:     minmay_strange_plus, layout_basic, serial_shops, kennysheep_little_box
Lair:1:   layout_hall_layers, gauntlet_entry_generic, serial_bayou_crossing,
          grunt_megastairs_4, uniq_fannar, uniq_harold, uniq_joseph, uniq_urug
Lair:2:   layout_small_grid, minmay_shoals_entry_centaurs
Lair:3:   layout_layer_cave, grunt_megastairs_5
Lair:4:   layout_layer_cave, minmay_snake_entry_six_corridors,
          portal_ice_cave_entry_ice_simulacra, lookout_lair_type
IceCv:    ice_cave_hellmonk_azure_passage

Skill      XL: |  1  2  3  4  5  6  7  8  9 10 11 12 13 |
---------------+----------------------------------------+-----
Fighting       | 4 5 6 7 8 9 11 12 | 12.8
Shields        | 1 2 3 5 6 7 |  7.9
Long Blades    | 3 4 5 7 8 9 11 12 13 | 13.1
Invocations    | 3 4 5 6 8 9 10 11 | 11.2
Dodging        | 3 4 5 6 7 |  7.7
Transmutations | 2 |  2.2
Evocations     | |  0.9

Action                   |  1- 3 |  4- 6 |  7- 9 | 10-12 | 13-15 || total
-------------------------+-------+-------+-------+-------+-------++-------
Melee: Falchion          |   124 |   156 |   250 |       |       ||   530
       Tailslap          |    10 |    20 |    49 |    65 |    19 ||   163
       Double sword      |       |       |    71 |   424 |    88 ||   583
       Scimitar          |       |       |       |    10 |       ||    10
Invok: Banish            |       |     2 |       |     4 |       ||     6
       Corrupt           |       |       |     1 |       |       ||     1
Evoke: Wand              |       |       |     4 |     3 |       ||     7
  Use: Potion            |     1 |     2 |     1 |     4 |       ||     8
       Scroll            |       |    10 |     7 |    11 |     1 ||    29
 Stab: Sleeping          |     3 |     5 |     8 |     5 |     1 ||    22
Armor: Skin              |    61 |    46 |   127 |   226 |    34 ||   494
Dodge: Dodged            |    77 |    85 |   193 |   327 |    70 ||   752
Block: Kite shield       |    48 |    77 |   190 |   314 |    66 ||   695

Table legend: (Time is in decaauts)
 A = Elapsed time spent in this place.
 B = Non-inter-level travel time spent in this place.
 C = Inter-level travel time spent in this place.
 D = Time resting spent in this place.
 E = Time spent auto-exploring this place.
 F = Levels seen in this place.
 G = Mean time per level.
                   A        B        C        D        E       F      G
               +--------+--------+--------+--------+--------+-----+--------+
         Total |  18204 |  17587 |    617 |   2862 |  11405 |  19 |  958.1 |
       Dungeon |  12943 |  12433 |    510 |   1904 |   8257 |  12 | 1078.6 |
          Lair |   3882 |   3775 |    107 |    355 |   2909 |   4 |  970.5 |
         Abyss |     11 |     11 |      0 |      0 |      2 |   1 |   11.0 |
        Bailey |   1268 |   1268 |      0 |    533 |    230 |   1 | 1268.0 |
      Ice Cave |     99 |     99 |      0 |     70 |      7 |   1 |   99.0 |
               +--------+--------+--------+--------+--------+-----+--------+

Top non-repeatable levels by time:
     D:5: 1559 daAuts
  Lair:3: 1446 daAuts
     D:4: 1441 daAuts
  Lair:2: 1391 daAuts
     D:9: 1389 daAuts
  Bailey: 1268 daAuts
    D:10: 1260 daAuts
     D:6: 1202 daAuts
     D:8: 1194 daAuts
     D:3: 1115 daAuts
     D:1: 1032 daAuts
  Lair:1: 1009 daAuts
     D:2: 944 daAuts
    D:12: 893 daAuts
     D:7: 670 daAuts
